Match 44578929
Unlisted

Match 44578929
End
Royal Engineer Section
Construct Section Command Post
Dingo Light Scout Car
Selects Canadian Shock Battlegroup
Dingo Light Scout Car
Infantry Section
Infantry Section
Construct Platoon Command Post
Selects Attacking Spirit
Selects Incendiary Munitions
Selects Canadian Shock Section
Humber Armored Car
Infantry Section
Selects Pyrotechnics
Infantry Training
Grenade Package
6-pounder Anti-tank Gun Team
6-pounder Anti-tank Gun Team
6-pounder Anti-tank Gun Team
Infantry Section
Team Weapon Training
Infantry Section
Selects Churchill Crocodile Heavy Tank
Infantry Section
Churchill Crocodile Heavy Tank
Armored Vehicle Training
Royal Engineer Section
Selects Point Assault
Infantry Section
Construct Company Command Post
Construct Company Command Post
Royal Engineer Section
Crusader II Medium Tank
Construct Field Infirmary
Crusader II Medium Tank
Point Assault
6-pounder Anti-tank Gun Team
6-pounder Anti-tank Gun Team
^3
DIV 250 BigBoss
United
AUS Potato
0
0

Comments sign in to comment!

No comments posted yet!